TOP OF THE 1ST |
Evanston Elitists batting - Pitching for Minnesota Death Stars : RHP Jerry Catron
|
Pitching: RHP Jerry Catron
|
|
Batting: LHB Jean-Sébastien Beaudin
|
0-0: Swinging Strike 0-1: Foul Ball, location: 2F 0-2: Ball 1-2: Foul Ball, location: 2F 1-2: Ball 2-2: Foul Ball, location: 2F 2-2: Strikes out swinging
|
Batting: LHB Javier Mejía
|
0-0: Ball 1-0: Called Strike 1-1: Swinging Strike 1-2: Fly out, F8 (Flyball, 78M)
|
Batting: RHB Wilfred Martin
|
0-0: Ball 1-0: Called Strike 1-1: SOLO HOME RUN (Flyball, 8LXD), Distance : 431 ft
|
Batting: LHB Luis Rodríguez
|
0-0: Called Strike 0-1: Foul Ball, location: 2F 0-2: Strikes out swinging
|
Top of the 1st over - 1 run(s), 1 hit(s), 0 error(s), 0 left on base; Evanston 1 - Minnesota 0 |
BOTTOM OF THE 1ST |
Minnesota Death Stars batting - Pitching for Evanston Elitists : RHP Mario Machado
|
Pitching: RHP Mario Machado
|
|
Batting: RHB William Robinson
|
0-0: Ball 1-0: Ball 2-0: Called Strike 2-1: Called Strike 2-2: Ground out U3 (Groundball, 3S)
|
Batting: LHB William Harris
|
0-0: Called Strike 0-1: Foul Ball, location: 2F 0-2: Strikes out swinging
|
Batting: RHB Alfredo Villegas
|
0-0: Called Strike 0-1: Ground out 6-3 (Groundball, 6)
|
Bottom of the 1st over - 0 run(s), 0 hit(s), 0 error(s), 0 left on base; Evanston 1 - Minnesota 0 |
TOP OF THE 2ND |
Evanston Elitists batting - Pitching for Minnesota Death Stars : RHP Jerry Catron
|
Batting: RHB Miguel Toro
|
0-0: Foul Ball, location: 2F 0-1: Foul Ball, location: 2F 0-2: Ball 1-2: Foul Ball, location: 2F 1-2: Fly out, F5 (Line Drive, 56)
|
Batting: SHB Jacob Wilcox
|
0-0: Called Strike 0-1: Ball 1-1: Ball 2-1: Foul Ball, location: 2F 2-2: Fly out, F9 (Flyball, 89S)
|
Batting: RHB António Martínez
|
0-0: Called Strike 0-1: Ball 1-1: Foul Ball, location: 2F 1-2: Ball 2-2: Foul Ball, location: 2F 2-2: Strikes out looking
|
Top of the 2nd over - 0 run(s), 0 hit(s), 0 error(s), 0 left on base; Evanston 1 - Minnesota 0 |
BOTTOM OF THE 2ND |
Minnesota Death Stars batting - Pitching for Evanston Elitists : RHP Mario Machado
|
Batting: RHB Manuel Cintrón
|
0-0: Ground out 1-3 (Groundball, P)
|
Batting: RHB Sidney Smith
|
0-0: Called Strike 0-1: Ground out 5-3 (Groundball, 5S)
|
Batting: RHB Sean White
|
0-0: Reached via error on a dropped throw, E1
|
Batting: LHB Tim Griffith
|
0-0: Ball 1-0: SINGLE (Line Drive, 34D) Sean White to second
|
Batting: LHB Shannon Hunter
|
0-0: Ball 1-0: Fly out, F9 (Flyball, 9S)
|
Bottom of the 2nd over - 0 run(s), 1 hit(s), 1 error(s), 2 left on base; Evanston 1 - Minnesota 0 |
TOP OF THE 3RD |
Evanston Elitists batting - Pitching for Minnesota Death Stars : RHP Jerry Catron
|
Batting: LHB Alberto Varela
|
0-0: Ball 1-0: Ground out 6-3 (Groundball, 6)
|
Batting: RHB Carlos Miranda
|
0-0: Ball 1-0: Ball 2-0: Foul Ball, location: 2F 2-1: SINGLE (Groundball, 56D)
|
Batting: LHB Jean-Sébastien Beaudin
|
0-0: Ball 1-0: Called Strike 1-1: Ground out U3 (Groundball, 34S) Carlos Miranda to second
|
Batting: LHB Javier Mejía
|
0-0: Foul Ball, location: 2F 0-1: Ball 1-1: Ball 2-1: Reached on error, E3 (Groundball, 3L) Carlos Miranda to third
|
Batting: RHB Wilfred Martin
|
0-0: Fielders Choice at 2nd, 5-4 (Groundball, 56)
|
Top of the 3rd over - 0 run(s), 1 hit(s), 1 error(s), 1 left on base; Evanston 1 - Minnesota 0 |
BOTTOM OF THE 3RD |
Minnesota Death Stars batting - Pitching for Evanston Elitists : RHP Mario Machado
|
Batting: RHB Donny Boykins
|
0-0: Foul Ball, location: 2F 0-1: Foul Ball, location: 2F 0-2: Strikes out swinging
|
Batting: RHB William Robinson
|
0-0: Called Strike 0-1: Ball 1-1: Ball 2-1: Ground out 5-3 (Groundball, 5S)
|
Batting: LHB William Harris
|
0-0: Ball 1-0: Ball 2-0: Ball 3-0: Base on Balls
|
Batting: RHB Alfredo Villegas
|
0-0: SINGLE (Groundball, 56D) William Harris to second
|
Batting: RHB Manuel Cintrón
|
0-0: Ball 1-0: Swinging Strike 1-1: SINGLE (Line Drive, 9LS) William Harris to third Alfredo Villegas to second Runner from 3rd tries for Home, SAFE, no throw
|
Batting: RHB Sidney Smith
|
0-0: Ball 1-0: Ball 2-0: Fielders Choice at 2nd, 5-4 (Groundball, 56D)
|
Bottom of the 3rd over - 1 run(s), 2 hit(s), 0 error(s), 1 left on base; Evanston 1 - Minnesota 1 |
TOP OF THE 4TH |
Evanston Elitists batting - Pitching for Minnesota Death Stars : RHP Jerry Catron
|
Batting: LHB Luis Rodríguez
|
0-0: Ball 1-0: Foul Ball, location: 2F 1-1: Ground out 6-3 (Groundball, 6)
|
Batting: RHB Miguel Toro
|
0-0: Ball 1-0: Ball 2-0: Ball 3-0: Base on Balls
|
Batting: SHB Jacob Wilcox
|
0-0: Ball Miguel Toro steals 2nd base 1-0: Ball 2-0: Ball 3-0: Base on Balls
|
Batting: RHB António Martínez
|
0-0: Fly out, F7 (Flyball, 7LM)
|
Batting: LHB Alberto Varela
|
0-0: Ball 1-0: Called Strike 1-1: Fielders Choice at 2nd, 4-6 (Groundball, 4)
|
Top of the 4th over - 0 run(s), 0 hit(s), 0 error(s), 1 left on base; Evanston 1 - Minnesota 1 |
BOTTOM OF THE 4TH |
Minnesota Death Stars batting - Pitching for Evanston Elitists : RHP Mario Machado
|
Batting: RHB Sean White
|
0-0: Foul Ball, location: 2F 0-1: Swinging Strike 0-2: DOUBLE (Line Drive, 7LM)
|
Batting: LHB Tim Griffith
|
0-0: Swinging Strike 0-1: Ball 1-1: Called Strike 1-2: Fly out, F7 (Flyball, 7)
|
Batting: LHB Shannon Hunter
|
0-0: Ball 1-0: Ball 2-0: Foul Ball, location: 2F 2-1: Ball 3-1: Swinging Strike 3-2: Fly out, F9 (Flyball, 9LS)
|
Batting: RHB Donny Boykins
|
0-0: Swinging Strike 0-1: Ball 1-1: Called Strike 1-2: Strikes out swinging
|
Bottom of the 4th over - 0 run(s), 1 hit(s), 0 error(s), 1 left on base; Evanston 1 - Minnesota 1 |
TOP OF THE 5TH |
Evanston Elitists batting - Pitching for Minnesota Death Stars : RHP Jerry Catron
|
Batting: RHB Carlos Miranda
|
0-0: Swinging Strike 0-1: Swinging Strike 0-2: Foul Ball, location: 2F 0-2: Foul Ball, location: 2F 0-2: Foul Ball, location: 2F 0-2: Foul Ball, location: 2F 0-2: Ball 1-2: Strikes out looking
|
Batting: LHB Jean-Sébastien Beaudin
|
0-0: Ball 1-0: Ball 2-0: Swinging Strike 2-1: Ball 3-1: Called Strike 3-2: Base on Balls
|
Batting: LHB Javier Mejía
|
0-0: Called Strike 0-1: Ball 1-1: Foul Ball, location: 2F 1-2: SINGLE (Groundball, 4D) Jean-Sébastien Beaudin to second Runner from 2nd tries for 3rd, SAFE, throw made to third
|
Batting: RHB Wilfred Martin
|
0-0: Grounds into double play, 4-6-3 (Groundball, 4)
|
Top of the 5th over - 0 run(s), 1 hit(s), 0 error(s), 1 left on base; Evanston 1 - Minnesota 1 |
BOTTOM OF THE 5TH |
Minnesota Death Stars batting - Pitching for Evanston Elitists : RHP Mario Machado
|
Batting: RHB William Robinson
|
0-0: Foul Ball, location: 2F 0-1: DOUBLE (Flyball, 8RXD)
|
Batting: LHB William Harris
|
0-0: Swinging Strike 0-1: Foul Ball, location: 2F 0-2: Ball 1-2: Fly out, F4 (Line Drive, 34)
|
Batting: RHB Alfredo Villegas
|
0-0: Intentional Walk
|
Batting: RHB Manuel Cintrón
|
0-0: SINGLE (Groundball, 6MD) William Robinson to third Alfredo Villegas to second Runner from 3rd tries for Home, SAFE, no throw
|
Batting: RHB Sidney Smith
|
0-0: Fielders Choice at 2nd, 4-6 (Groundball, 4) Alfredo Villegas to third
|
Batting: RHB Sean White
|
0-0: Called Strike 0-1: Called Strike 0-2: Strikes out looking
|
Bottom of the 5th over - 1 run(s), 2 hit(s), 0 error(s), 2 left on base; Evanston 1 - Minnesota 2 |
TOP OF THE 6TH |
Evanston Elitists batting - Pitching for Minnesota Death Stars : RHP Jerry Catron
|
Batting: LHB Luis Rodríguez
|
0-0: Swinging Strike 0-1: Foul Ball, location: 2F 0-2: Ground out 6-3 (Groundball, 6)
|
Batting: RHB Miguel Toro
|
0-0: Called Strike 0-1: Swinging Strike 0-2: Ball 1-2: Fly out, F7 (Line Drive, 7D)
|
Batting: SHB Jacob Wilcox
|
0-0: Called Strike 0-1: Fly out, F9 (Flyball, 9S)
|
Top of the 6th over - 0 run(s), 0 hit(s), 0 error(s), 0 left on base; Evanston 1 - Minnesota 2 |
BOTTOM OF THE 6TH |
Minnesota Death Stars batting - Pitching for Evanston Elitists : RHP Mario Machado
|
Batting: LHB Tim Griffith
|
0-0: Ground out 1-3 (Groundball, P)
|
Batting: LHB Shannon Hunter
|
0-0: Ball 1-0: Ball 2-0: Swinging Strike 2-1: Fly out, F6 (Line Drive, 6M)
|
Batting: RHB Donny Boykins
|
0-0: Ball 1-0: Swinging Strike 1-1: Called Strike 1-2: Ball 2-2: Fly out, F9 (Flyball, 89M)
|
Bottom of the 6th over - 0 run(s), 0 hit(s), 0 error(s), 0 left on base; Evanston 1 - Minnesota 2 |
TOP OF THE 7TH |
Evanston Elitists batting - Pitching for Minnesota Death Stars : RHP Jerry Catron
|
Pitching: RHP Alfredo Cabral
|
|
Batting: RHB António Martínez
|
0-0: Ball 1-0: Ball 2-0: Ball 3-0: Base on Balls
|
Pitching: LHP Kurt Brown
|
|
Batting: LHB Alberto Varela
|
0-0: Bunted foul 0-1: Bunted foul 0-2: Foul Ball, location: 2F 0-2: Ball 1-2: Foul Ball, location: 2F 1-2: Ball 2-2: Foul Ball, location: 2F 2-2: Foul Ball, location: 2F 2-2: Strikes out swinging
|
Pinch Hitting: RHB Jorge Calderón
|
0-0: Swinging Strike 0-1: Ball 1-1: Ball 2-1: Swinging Strike 2-2: SINGLE (Groundball, 56D) António Martínez to second
|
Pinch Hitting: RHB Henry Morris
|
0-0: Called Strike 0-1: Ball 1-1: Foul Ball, location: 2F 1-2: Strikes out swinging
|
Pitching: RHP Alfredo Ayala
|
|
Batting: LHB Javier Mejía
|
0-0: Ball 1-0: Ball 2-0: Ball 3-0: Base on Balls António Martínez to third Jorge Calderón to second
|
Batting: RHB Wilfred Martin
|
0-0: Called Strike 0-1: Ball 1-1: Ball 2-1: Fly out, F8 (Flyball, 8RM)
|
Top of the 7th over - 0 run(s), 1 hit(s), 0 error(s), 3 left on base; Evanston 1 - Minnesota 2 |
BOTTOM OF THE 7TH |
Minnesota Death Stars batting - Pitching for Evanston Elitists : RHP Mario Machado
|
Now in LF: Luis López
|
|
Now in CF: Jorge Calderón
|
|
Batting: RHB William Robinson
|
0-0: Ball 1-0: Called Strike 1-1: Swinging Strike 1-2: Ball 2-2: Single, Error in OF, E7, batter to second base
|
Batting: LHB William Harris
|
0-0: Called Strike 0-1: Ground out 6-3 (Groundball, 6) William Robinson to third
|
Batting: RHB Alfredo Villegas
|
0-0: Intentional Walk
|
Pitching: LHP Gregory Thompson
|
|
Batting: RHB Manuel Cintrón
|
0-0: Called Strike 0-1: Called Strike Alfredo Villegas steals 2nd base 0-2: Strikes out looking
|
Pinch Hitting: RHB Earl Godwin
|
0-0: Foul Ball, location: 2F 0-1: Ball 1-1: Ball 2-1: Foul Ball, location: 2F 2-2: Fly out, F7 (Line Drive, 78M)
|
Bottom of the 7th over - 0 run(s), 1 hit(s), 1 error(s), 2 left on base; Evanston 1 - Minnesota 2 |
TOP OF THE 8TH |
Evanston Elitists batting - Pitching for Minnesota Death Stars : RHP Alfredo Ayala
|
Pitching: RHP Jeremias Pereirinha
|
|
Now at SS: Earl Godwin
|
|
Batting: LHB Luis Rodríguez
|
0-0: Called Strike 0-1: Swinging Strike 0-2: Ball 1-2: Strikes out swinging
|
Batting: RHB Miguel Toro
|
0-0: Ball 1-0: Ball 2-0: Called Strike 2-1: Ground out 5-3 (Groundball, 56)
|
Batting: SHB Jacob Wilcox
|
0-0: Called Strike 0-1: Ball 1-1: Swinging Strike 1-2: Foul Ball, location: 2F 1-2: Ball 2-2: Foul Ball, location: 2F 2-2: Ball 3-2: Fly out, F9 (Flyball, 89M)
|
Top of the 8th over - 0 run(s), 0 hit(s), 0 error(s), 0 left on base; Evanston 1 - Minnesota 2 |
BOTTOM OF THE 8TH |
Minnesota Death Stars batting - Pitching for Evanston Elitists : LHP Gregory Thompson
|
Batting: RHB Sean White
|
0-0: Called Strike 0-1: SINGLE (Flyball, 9LS)
|
Batting: LHB Tim Griffith
|
0-0: Called Strike 0-1: Foul Ball, location: 2F 0-2: 2-RUN HOME RUN (Flyball, 9D), Distance : 388 ft
|
Pitching: RHP Júlio Feliciano
|
|
Batting: LHB Shannon Hunter
|
0-0: Ball 1-0: Called Strike 1-1: Foul Ball, location: 2F 1-2: Foul Ball, location: 2F 1-2: Strikes out swinging
|
Batting: RHB Donny Boykins
|
0-0: Foul Ball, location: 2F 0-1: Foul Ball, location: 2F 0-2: Strikes out looking
|
Batting: RHB William Robinson
|
0-0: Called Strike 0-1: Ball 1-1: Foul Ball, location: 2F 1-2: Foul Ball, location: 2F 1-2: Ball 2-2: Ball 3-2: Foul Ball, location: 2F 3-2: SINGLE (Line Drive, 8RS)
|
Batting: LHB William Harris
|
0-0: Ball Pickoff Throw to First - Out!
|
Bottom of the 8th over - 2 run(s), 3 hit(s), 0 error(s), 0 left on base; Evanston 1 - Minnesota 4 |
TOP OF THE 9TH |
Evanston Elitists batting - Pitching for Minnesota Death Stars : RHP Jeremias Pereirinha
|
Pitching: RHP Raymond Gibbons
|
|
Batting: RHB António Martínez
|
0-0: Ball 1-0: Ball 2-0: Called Strike 2-1: Called Strike 2-2: Fly out, F8 (Flyball, 8LM)
|
Batting: LHB Alberto Varela
|
0-0: Called Strike 0-1: Swinging Strike 0-2: Ball 1-2: Strikes out swinging
|
Batting: RHB Jorge Calderón
|
0-0: Ball 1-0: Ball 2-0: Called Strike 2-1: Ball 3-1: Called Strike 3-2: Base on Balls
|
Batting: RHB Luis López
|
0-0: Called Strike 0-1: Called Strike 0-2: Ball 1-2: Foul Ball, location: 2F 1-2: Ball 2-2: Fly out, F8 (Flyball, 8LM)
|
Top of the 9th over - 0 run(s), 0 hit(s), 0 error(s), 1 left on base; Evanston 1 - Minnesota 4 |
|